 Dungeon Crawl Stone Soup version 0.23-a0-241-g3b46b07 (webtiles) character file.

64 Chinese the Bolt Thrower (level 3, 0/26 HPs)
             Began as a Demonspawn Wanderer on Sept 26, 2018.
             Slain by an ice beast (5 damage)
             ... on level 2 of the Dungeon.
             The game lasted 00:00:55 (1207 turns).

Chinese the Bolt Thrower (Demonspawn Wanderer)      Turns: 1207, Time: 00:00:55

Health: 0/26       AC:  2    Str: 13    XL:     3   Next: 91%
Magic:  4/4        EV: 11    Int: 11    God:
Gold:   86         SH:  0    Dex: 14    Spells: 4/4 levels left

rFire    . . .     SeeInvis .   a - +2 hand crossbow
rCold    . . .     Gourm    .   (no shield)
rNeg     . . .     Faith    .   l - +0 animal skin
rPois    .         Spirit   .   (no helmet)
rElec    .         Reflect  .   (no cloak)
rCorr    .         Harm     .   (no gloves)
MR       .....                  (no boots)
Stlth    +.........             (no amulet)
HPRegen  0.08/turn              (no ring)
MPRegen  0.09/turn              (no ring)

@: no status effects
A: powered by death 1, rot immunity
a: no special abilities


You were on level 2 of the Dungeon.
You were hungry.

You visited 1 branch of the dungeon, and saw 2 of its levels.

You collected 86 gold pieces.

Inventory:

Hand Weapons
 a - a +2 hand crossbow (weapon)
Missiles
 b - 62 bolts (quivered)
Armour
 e - a +0 robe
 l - a +0 animal skin (worn)
Jewellery
 d - an uncursed amulet of the gourmand {unknown}
 i - an uncursed ring of stealth {unknown}
Scrolls
 c - 4 scrolls of teleportation {unknown}
 h - a scroll of remove curse {unknown}
Potions
 g - a potion of mutation {unknown}
 j - a potion of resistance {unknown}
Comestibles
 f - 8 rations


   Skills:
 + Level 1.5 Fighting
 + Level 4.1 Crossbows
 + Level 1.0 Throwing
 + Level 1.0 Armour
 + Level 1.0 Spellcasting
   Level 2.1 Necromancy
   Level 1.0 Evocations


You had 4 spell levels left.
You didn't know any spells.
Your spell library contained the following spells:

 Spells                   Type           Power        Failure   Level  Hunger
 Pain                     Necr           #...         13%         1    ##.....
 Flame Tongue             Conj/Fire      #....        32%         1    ##.....
 Vampiric Draining        Necr           #.........   36%         3    ####...
 Inner Flame              Hex/Fire       #.......     67%         3    ####...


Dungeon Overview and Level Annotations

Branches:
Dungeon (2/15)

Altars:


Innate Abilities, Weirdness & Mutations

You regenerate a little health from kills.
You are immune to rotting.


Message History

The ice beast hits you. The ice beast freezes you!
Ouch! That really hurt!
An ice beast is nearby!
You are too injured to fight recklessly!
You are too injured to fight recklessly!
You are too injured to fight recklessly!
You are too injured to fight recklessly!
You are too injured to fight recklessly!
Firing (i - inventory)
b - 64 bolts (quivered)
Press: ? - help, Shift-Dir - straight line, f/p - ice beast
Aim: an ice beast (moderately wounded)
You shoot a bolt. The bolt barely misses the ice beast.
The ice beast barely misses you.
Firing (i - inventory)
b - 63 bolts (quivered)
Press: ? - help, Shift-Dir - straight line, f/p - ice beast
Aim: an ice beast (moderately wounded)
You shoot a bolt. The bolt barely misses the ice beast.
The ice beast hits you.
* * * LOW HITPOINT WARNING * * *
The ice beast freezes you.
You die...

................#
######..........# #
#.##.......### ### #. #.
#.......'.. . #..
#.######+##.......### .
#.#.##(....(.(.#...#.#.# ##.
#.#..#.............+.#.# ..#
#.#..#.(Y..........###.#
#.#+####.##.# #@# #+#.######'###
#...........#+##'###.#. #........
#.......#............#. #........
#.......+............# #....<...
#.......#.(..........# #..†.....
#...........#.....).## #........
#.......(...#.......# #........
#.##........#.......##.##........
#.####################.##########


You could see an ice beast.

Vanquished Creatures
  Robin (D:2)
  An adder (D:2)
  A worm (D:2)
  A dart slug (D:1)
  2 giant cockroaches (D:1)
  6 goblins
  13 hobgoblins
  3 bats (D:1)
  2 frilled lizards (D:1)
  2 kobolds (D:1)
  5 rats
37 creatures vanquished.

Notes
Turn   | Place    | Note
-------+----------+-------------------------------------------
     0 | D:1      | Chinese the Demonspawn Wanderer began the quest for the
                  | Orb.
     0 | D:1      | Chinese set off with: a +2 hand crossbow, 24 bolts, a +0
                  | robe, a ration
     0 | D:1      | Reached XP level 1. HP: 15/15 MP: 2/2
    77 | D:1      | Reached skill level 3 in Crossbows
   181 | D:1      | Gained mutation: You regenerate a little health from kills.
                  | [demonic ancestry]
   181 | D:1      | Reached XP level 2. HP: 20/21 MP: 3/3
   803 | D:2      | Noticed Robin
   815 | D:2      | Gained mutation: You are immune to rotting. [demonic
                  | ancestry]
   815 | D:2      | Reached XP level 3. HP: 17/26 MP: 4/4
   819 | D:2      | HP: 1/26 [Robin/short sword of freezing (1)]
   820 | D:2      | Killed Robin
  1097 | D:2      | Reached skill level 4 in Crossbows
  1203 | D:2      | Noticed an ice beast
  1207 | D:2      | Slain by an ice beast

Vault maps used:
D:1:      wheals_arrival_linesprint
D:2:      overflow_temple_1_default, uniq_robin, uniq_crazy_yiuf_cottage

Skill      XL: |  1  2  3 |
---------------+----------+-----
Crossbows      | 3 4 |  4.1
Fighting       | |  1.5
Throwing       | |  1.0
Armour         | |  1.0
Spellcasting   | |  1.0
Necromancy     | |  2.1
Evocations     | |  1.0

Action                   || total
-------------------------++-------
 Fire: Hand crossbow     ||    82
Armor: Robe              ||     5
       Animal skin       ||     1
Dodge: Dodged            ||    13

Table legend:
 A = Non-vault XP
 B = Vault XP
 C = Vault XP percentage of total XP
 D = Non-vault monster count
 E = Vault monster count
 F = Vault count percentage of total count
                 A         B        C        D         E       F
            +---------+---------+-------+---------+---------+-------
      Total |      57 |      35 |  38.0 |      26 |      11 |  29.7
            +---------+---------+-------+---------+---------+-------
        D:1 |      33 |       0 |   0.0 |      21 |       0 |   0.0
        D:2 |      24 |      35 |  59.3 |       5 |      11 |  68.8
            +---------+---------+-------+---------+---------+-------
